 Dungeon Crawl Stone Soup version 0.31-a0-836-g3ceb0a68c4 (webtiles) character file.

Game seed: 8019080452914659753

225 Kurtz the Chopper (level 6, -6/42 HPs)
             Began as an Octopode Fighter on Sept 26, 2023.
             Mangled by a gnoll
             ... wielding a +0 flail
              (10 damage)
             ... on level 2 of the Dungeon.
             The game lasted 00:00:43 (1292 turns).

Kurtz the Chopper (Octopode Fighter)                Turns: 1292, Time: 00:00:44

Health: -6/42      AC:  1    Str: 17    XL:     6   Next: 1%
Magic:  6/6        EV:  7    Int: 11    God:
Gold:   102        SH:  0    Dex: 11    Spells: 5/5 levels left

rFire   . . .        a - +0 war axe
rCold   . . .        b - +0 buckler
rNeg    . . .        (helmet restricted)
rPois   .            (no amulet)
rElec   .            (no ring)
rCorr   .            (no ring)
SInv    .            (no ring)
Will    .....        (no ring)
Stlth   +++          (no ring)
HPRegen 0.27/turn    (no ring)
MPRegen 0.10/turn    (no ring)
                     (no ring)

%: no passive effects
@: lethally poisoned (-6 -> -10), held
A: almost no armour, amphibious, 8 rings, camouflage 1, gelatinous body 1,
nimble swimmer 1, tentacles
a: no special abilities


You were on level 2 of the Dungeon.
You visited 1 branch of the dungeon, and saw 2 of its levels.

You collected 102 gold pieces.

Inventory:

Hand Weapons
 a - a +0 war axe (weapon)
Armour
 b - a +0 buckler (worn)
Scrolls
 e - 4 scrolls of identify {unknown}
 f - 2 scrolls of poison {unknown}
 g - a scroll of noise {unknown}
 h - a scroll of teleportation {unknown}
Potions
 c - a potion of might
 d - a potion of heal wounds {unknown}
 i - a potion of attraction {unknown}


   Skills:
 - Level 3.0 Fighting
 * Level 6.0 Axes
 - Level 3.0 Dodging
 - Level 3.0 Shields


You had 5 spell levels left.
You didn't know any spells.
Your spell library contained the following spells:

 Spells                   Type           Power      Damage    Failure   Level
 Call Canine Familiar     Summ           0%         N/A       80%         3
 Sigil of Binding         Hex            0%         N/A       80%         3
 Dimensional Bullseye     Hex/Tloc       0%         N/A       99%         4
 Leda's Liquefaction      Hex/Erth       0%         N/A       99%         4


Dungeon Overview and Level Annotations

Branches:
Dungeon (2/15)

Altars:
Ru


Innate Abilities, Weirdness & Mutations

You cannot wear most types of armour.
You are amphibious.
You can wear up to eight rings at the same time.
Your skin changes colour to match your surroundings (Stealth+).
Your rubbery body absorbs attacks. (AC +1, EV +1)
You are camouflaged when in or above water. (Stealth+)
You have tentacles for arms and can constrict up to eight enemies at once.


Message History

You see here a rat corpse.
There is an open gate here.
You enter the deep water.
A gnoll comes into view.
It is wielding a +0 whip. 2 gnolls come into view.
The gnoll shouts! x2
An adder comes into view.
A gnoll comes into view. It is wielding a +0 spear.
A giant cockroach comes into view.
The gnoll moves out of view.
There are monsters nearby!
A hobgoblin comes into view.
There are monsters nearby!
The adder hisses angrily.
The hobgoblin shouts!
There are monsters nearby!
You slash the gnoll! You grab the gnoll.
The gnoll is severely wounded.
You constrict the gnoll. You block the adder's attack. The gnoll misses you.
You hit the gnoll.
You kill the gnoll!
You miss the adder. The adder bites you.
The gnoll throws a throwing net.
The throwing net hits you.
You become entangled in the net!
You hear a splash.
The adder bites you.
The gnoll hits you from afar with a +0 spear.
You have reached level 6!
You struggle against the net.
A bat comes into view.
The adder closely misses you. The giant cockroach barely misses you.
The gnoll hits you from afar with a +0 spear.
The gnoll hits you with a +0 flail! The gnoll barely misses you.
You tear a large gash into the net.
The adder closely misses you. The giant cockroach bites you.
The adder bites you.
You are poisoned.
The adder poisons you! The gnoll hits you with a +0 whip.
* * * LOW HITPOINT WARNING * * *
The gnoll hits you from afar with a +0 spear!
* * * LOW HITPOINT WARNING * * *
The gnoll hits you with a +0 flail!
You die...

...#
....≈≈###≈≈.....#
...# ..≈≈#
##≈≈....♣# ...#
≈≈# ##≈≈....#
...# ≈# ##≈....#
...# #≈≈...# ...#
##≈....# ##.#
##≈≈....# ##.#
##≈≈....♣# .#.##
#≈@g"...# ....##
..≈≈≈≈SgB...##
.....##
....≈g.g...##
......#
..........##
.......#
.........##
.......#
#♣...b.♣##
......#.. ##'''#
##...#..# .... #
.##..#


You could see 3 gnolls, an adder, a giant cockroach, a hobgoblin and a bat
(wandering).

Vanquished Creatures
  Sigmund (D:2)
  2 gnolls
  An adder (D:2)
  A worm (D:2)
  A dart slug (D:1)
  An orc (D:2)
  3 bats (D:1)
  5 endoplasms
  5 hobgoblins
  6 jackals
  A ball python (D:1)
  2 frilled lizards
  2 kobolds
  4 rats
35 creatures vanquished.

Notes
Turn   | Place    | Note
-------+----------+-------------------------------------------
     0 | D:1      | Kurtz the Octopode Fighter began the quest for the Orb.
     0 | D:1      | Reached XP level 1. HP: 16/16 MP: 1/1
   155 | D:1      | Reached XP level 2. HP: 15/21 MP: 2/2
   378 | D:1      | Reached skill level 3 in Axes
   875 | D:1      | Reached XP level 3. HP: 26/26 MP: 3/3
  1066 | D:2      | Noticed Sigmund
  1075 | D:2      | Reached skill level 4 in Axes
  1079 | D:2      | Killed Sigmund
  1080 | D:2      | Reached skill level 5 in Axes
  1080 | D:2      | Reached XP level 4. HP: 13/31 MP: 4/4
  1080 | D:2      | Reached XP level 5. HP: 15/36 MP: 5/5
  1209 | D:2      | Found a faded altar of an unknown god.
  1241 | D:2      | Found a sacrificial altar of Ru.
  1268 | D:2      | Reached skill level 6 in Axes
  1291 | D:2      | Reached XP level 6. HP: 33/42 MP: 6/6
  1292 | D:2      | Mangled by a gnoll

Illustrated notes

Levels and vault maps discovered:
D:1:      dpeg_arrival_windows_large_door, layout_basic,
          wad_floor_pattern_untrapped, serial_bayou_pond_b
D:2:      layout_rooms, basic_altar,
          hellmonk_ecumenical_altar_pennies_from_heaven,
          hangedman_abyss_or_decor_lesser_grid, kennysheep_donut,
          nicolae_figureground_sparkle, uniq_sigmund

Skill      XL: |  1  2  3  4  5 |
---------------+----------------+-----
Axes           | 3 5 6 |  6.0
Fighting       | |  3.0
Dodging        | |  3.0
Shields        | |  3.0

Action                     |  1- 3 |  4- 6 || total
---------------------------+-------+-------++-------
  Melee: War axe           |    47 |     9 ||    56
         Constrict         |     9 |     3 ||    12
         Tentacles         |     6 |     1 ||     7
         Punch             |     2 |       ||     2
    Use: Potion            |     1 |       ||     1
   Stab: Sleeping          |     4 |     1 ||     5
 Armour: Skin              |    19 |    12 ||    31
  Dodge: Dodged            |    33 |     9 ||    42
  Block: Buckler           |    10 |     3 ||    13

Table legend: (Time is in decaauts)
 A = Elapsed time spent in this place.
 B = Non-inter-level travel time spent in this place.
 C = Inter-level travel time spent in this place.
 D = Time resting spent in this place.
 E = Time spent auto-exploring this place.
 F = Levels seen in this place.
 G = Mean time per level.
                   A        B        C        D        E       F      G
               +--------+--------+--------+--------+--------+-----+--------+
         Total |   1312 |   1298 |     14 |     51 |   1037 |   2 |  656.0 |
       Dungeon |   1312 |   1298 |     14 |     51 |   1037 |   2 |  656.0 |
               +--------+--------+--------+--------+--------+-----+--------+

Top non-repeatable levels by time:
     D:1: 1050 daAuts
     D:2: 261 daAuts
